 Dungeon Crawl Stone Soup version 0.31.0-4-g52a2dc7128 (webtiles) character file.

Game seed: 8253897960859690481

124 Jannitor the Grave Robber (level 5, -1/22 HPs)
             Began as a Vine Stalker Necromancer on Jan 22, 2024.
             Succumbed to a kobold brigand's curare-tipped dart
             ... on level 3 of the Dungeon.
             The game lasted 00:27:33 (3445 turns).

Jannitor the Grave Robber (VSNe)                    Turns: 3445, Time: 00:27:34

Health: -1/22      AC:  4    Str: 11    XL:     5   Next: 8%
Magic:  5/10       EV: 12    Int: 17    God:
Gold:   74         SH:  0    Dex: 14    Spells: 1/9 levels left

rFire   + . .        g - +0 dagger
rCold   + . .        (no shield)
rNeg    . . .        a - +0 robe
rPois   +            (no helmet)
rElec   +            f - +0 cloak
rCorr   +            j - +0 pair of gloves
SInv    .            (no boots)
Will    .....        (no amulet)
Stlth   ++           (no ring)
HPRegen 1.03/turn    (no ring)
MPRegen 0.12/turn

%: guardian spirit
@: lethally poisoned (-1 -> -5), resistant
A: fangs 2, regeneration 1, magic shield, antimagic bite, no potion heal 2,
frail 1, MP-powered wands
a: no special abilities


You were on level 3 of the Dungeon.
You visited 1 branch of the dungeon, and saw 3 of its levels.

You collected 74 gold pieces.

Inventory:

Hand Weapons
 g - a +0 dagger (weapon)
Missiles
 o - 28 stones (quivered)
Armour
 a - a +0 robe (worn)
 f - a +0 cloak (worn)
 j - a +0 pair of gloves (worn)
 k - a scarf of repulsion
 u - a +2 tower shield
Magical Staves
 r - a staff of air
Jewellery
 i - a ring of ice
Scrolls
 c - a scroll of butterflies
 d - 3 scrolls of amnesia
 e - 2 scrolls of noise
 q - a scroll of fear
 t - a scroll of blinking {unknown}
 v - a scroll of poison {unknown}
Potions
 b - a potion of magic
 h - a potion of brilliance
 l - 3 potions of invisibility
 n - a potion of cancellation
 s - a potion of curing {unknown}


   Skills:
 + Level 1.4 Fighting
 + Level 1.3 Short Blades
 + Level 2.1 Dodging
 + Level 3.5 Stealth
 + Level 2.9 Spellcasting
 + Level 4.4 Necromancy


You had one spell level left.
You knew the following spells:

 Your Spells              Type           Power      Damage    Failure   Level
a - Necrotise             Necr           68%        1d7       3%          1
b - Vampiric Draining     Necr           17%        2d7       9%          3
c - Animate Dead          Necr           17%        N/A       28%         4

Your spell library contained the following spells:

 Spells                   Type           Power      Damage    Failure   Level
 Tukima's Dance           Hex            2%         N/A       47%         3
 Curse of Agony           Necr           17%        N/A       63%         5
 Passage of Golubria      Tloc           2%         N/A       87%         4
 Yara's Violent Unravell  Hex/Alch       1%         3d3       99%         5


Dungeon Overview and Level Annotations

Branches:
Dungeon (3/15)

Altars:

Annotations:
D:1 exclusions: 2 downstairs and rat
D:2 exclusions: 3 gnolls and gnoll bouda
D:3 Grinder


Innate Abilities, Weirdness & Mutations

You have extremely sharp teeth.
Your natural rate of healing is unusually fast.
When hurt, damage is shared between your health and your magic reserves.
Your bite disrupts and absorbs the magic of your enemies.
Potions cannot restore your health.
You are frail. (-10% HP)
You expend magic power (3 MP) to strengthen your wands.


Message History

Your kobold skeleton is destroyed!
Your kobold skeleton closely misses the kobold brigand.
You feel sick.
The kobold brigand barely misses your kobold skeleton.
Your kobold skeleton barely misses the kobold brigand.
Your kobold skeleton hits the kobold brigand but does no damage.
The kobold brigand shouts!
The kobold brigand hits your kobold skeleton with a +2 dagger of venom!
Your kobold skeleton is destroyed!
You feel sick.
Your kobold skeleton hits the kobold brigand but does no damage.
Your kobold skeleton hits the kobold brigand.
You feel sick.
You are no longer poisoned.
The kobold brigand throws a curare-tipped dart.
The curare-tipped dart hits you.
You are poisoned.
You have difficulty breathing.
* * * LOW HITPOINT WARNING * * *
You feel as though you will be slow longer.
The kobold brigand throws a curare-tipped dart.
The curare-tipped dart closely misses you.
Your kobold skeleton barely misses the kobold brigand.
It was a potion of cancellation.
Your magical effects are unravelling.
You feel magically purged.
You feel yourself speed up.
You flicker back into view.
* * * LOW HITPOINT WARNING * * *
You feel very sick.
Your kobold skeleton closely misses the kobold brigand.
Okay, then.
Unknown command.
It was a potion of mutation.
You feel extremely strange.
You feel frail.
You feel your magical essence link to the dungeon's wands.
* * * LOW HITPOINT WARNING * * *
You feel very sick.
It was a potion of resistance.
You feel protected.
You die...

#........# ## #..#
#.# #........#
#~~#..## #.#
#........###~~##..#
#.#
.........##~~~≈#.)#
#.#
..#########~~≈≈#..#
#.# ..##
#...##~~~≈#..# #.#
...###.<.###~~##).#
#.# ##.##....#
#~~#.)## #.#
#..##...## #~##)@#
#.# ...#....# #
#..## #.# .......##
#..# #.# .....8.#
#..# #.# ...)...##
#)K# #.# ..##....#
#Z.# #.# ...##...##
#..## #.#
.####....# #.. #.#
....##.<.# #.. #.#


You could see a kobold brigand (ally target) and a friendly kobold skeleton.

Vanquished Creatures
  7 adders
  A dart slug (D:3)
  A ribbon worm (D:2)
  6 bats
  6 endoplasms
  A giant cockroach (D:3)
  5 goblins
  3 hobgoblins
  2 jackals (D:1)
  3 quokkas
  3 ball pythons
  12 kobolds
  6 rats
56 creatures vanquished.

Vanquished Creatures (collateral kills)
  A kobold (D:2)
1 creature vanquished.

Grand Total: 57 creatures vanquished

Notes
Turn   | Place    | Note
-------+----------+-------------------------------------------
     0 | D:1      | Jannitor the Vine Stalker Necromancer began the quest for
                  | the Orb.
     0 | D:1      | Reached XP level 1. HP: 9/9 MP: 4/4
   921 | D:1      | Reached XP level 2. HP: 13/13 MP: 3/6
  1479 | D:2      | Reached XP level 3. HP: 17/17 MP: 7/7
  1615 | D:2      | Reached skill level 1 in Fighting
  1701 | D:2      | Learned a level 3 spell: Vampiric Draining
  1733 | D:2      | Reached XP level 4. HP: 22/22 MP: 4/8
  1850 | D:2      | Reached skill level 1 in Short Blades
  2584 | D:3      | Noticed Grinder
  3031 | D:3      | Learned a level 4 spell: Animate Dead
  3330 | D:3      | Reached XP level 5. HP: 25/25 MP: 10/10
  3413 | D:3      | Noticed a kobold brigand
  3444 | D:3      | Gained mutation: You are frail. (-10% HP) [potion of
                  | mutation]
  3444 | D:3      | Gained mutation: You expend magic power (3 MP) to
                  | strengthen your wands. [potion of mutation]
  3444 | D:3      | HP: 1/22 [poisoned by a kobold brigand (curare-tipped
                  | dart)]
  3445 | D:3      | Succumbed to a kobold brigand's curare-tipped dart

Illustrated notes

Levels and vault maps discovered:
D:1:      scummos_arrival_forest, layout_basic, interstate_on_off,
          minmay_pentomino_x2
D:2:      layout_rooms, grunt_ministairs_8, minivault_4
D:3:      cheibrodos_thug_alley, layout_basic,
          yredelemnul_forgotten_temple_becter, serial_forest,
          infiniplex_forest_lined_1, infiniplex_forest_lined_3,
          infiniplex_forest_lined_2, infiniplex_forest_lined_1,
          infiniplex_forest_clump_long, minivault_25, hex_large,
          kennysheep_path_1, grunt_ministairs_12, uniq_grinder

Skill      XL: |  1  2  3  4 |
---------------+-------------+-----
Stealth        | 3 |  3.5
Fighting       | 1 |  1.4
Dodging        | 2 |  2.1
Short Blades   | 1 |  1.3
Spellcasting   | |  2.9
Necromancy     | |  4.4

Action                     |  1- 3 |  4- 6 || total
---------------------------+-------+-------++-------
  Melee: Dagger            |    28 |    24 ||    52
         Unarmed           |     1 |       ||     1
         Bite              |     9 |     5 ||    14
         Punch             |     1 |       ||     1
  Throw: Stone             |       |    10 ||    10
   Cast: Necrotise         |    35 |    32 ||    67
    Use: Potion            |     1 |     4 ||     5
         Scroll            |     2 |     3 ||     5
   Stab: Sleeping          |     5 |     8 ||    13
         Distracted        |     1 |       ||     1
 Armour: Robe              |    29 |    10 ||    39
  Dodge: Dodged            |    38 |    20 ||    58
